Map: Ever Dream LE

Players

Denver

  • Race: Zerg Zerg
  • League: Master
  • Spawn Location: 1:00

GunGFuBanDa - Winner!

  • Race: Protoss Protoss
  • League: Master
  • Spawn Location: 7:00

Event: DreamHack SC2 Masters 2020 Summer Europe

VOD

Have the link to the VOD?

Description

Time

  • Played on: July 4, 2020, 11:11 a.m.
  • Length: 11:52

All games in this series

Show
View Real Time Build Order
Export as new Build Order

Denver Zerg 

Build Orders: Hatch First, Roach Hydra 

Get SALT Encoding   

  12  0:00  Drone  
  13  0:13  Overlord  
  13  0:16  Drone  
  14  0:31  Drone x2  
  16  0:47  Hatchery  
  15  0:52  Drone  
  15  0:56  Drone  
  17  0:59  Drone  
  18  1:11  Extractor  
  18  1:14  Spawning Pool  
  18  1:17  Drone  
  17  1:26  Drone  
  17  1:29  Drone  
  19  1:40  Drone  
  20  1:50  Drone  
  21  2:01  Queen x2  
  21  2:02  Zergling x4  
  27  2:10  Drone  
  27  2:12  Overlord  
  27  2:14  Metabolic Boost  
  28  2:32  Drone x2  
  28  2:36  Hatchery  
  29  2:41  Overlord  
  29  2:44  Drone  
  29  2:45  Drone  
  29  2:49  Drone  
  32  2:57  Overlord  
  32  2:58  Drone  
  33  3:01  Queen  
  35  3:06  Drone x2  
  35  3:10  Drone x2  
  40  3:20  Drone x3  
  40  3:21  Spore Crawler  
  40  3:26  Drone  
  42  3:29  Queen  
  42  3:33  Drone  
  45  3:37  Overlord  
  45  3:45  Drone x4  
  49  3:49  Roach Warren  
  49  3:50  Drone  
  49  3:58  Queen  
  49  4:00  Zergling x2  
  49  4:02  Zergling x2  
  53  4:06  Spore Crawler  
  53  4:09  Zergling x8  
  56  4:12  Overlord  
  55  4:19  Zergling x6  
  55  4:20  Spore Crawler  
  55  4:21  Drone  
  55  4:22  Drone  
  59  4:27  Zergling x6  
  59  4:28  Zergling x2  
  63  4:33  Roach x2  
  67  4:39  Roach x2  
  67  4:40  Overlord  
  67  4:44  Overlord  
  71  4:51  Roach  
  71  4:52  Overlord  
  73  4:54  Overlord  
  73  4:56  Extractor  
  73  4:59  Roach  
  78  5:00  Roach x2  
  78  5:03  Roach  
  78  5:07  Roach x2  
  84  5:13  Roach x2  
  88  5:17  Roach  
  88  5:18  Roach  
  91  5:26  Roach x2  
  93  5:31  Drone  
  93  5:32  Drone x5  
  97  5:39  Overlord  
  89  5:49  Drone x5  
  80  6:01  Drone x2  
  80  6:02  Drone x4  
  85  6:05  Lair  
  85  6:12  Drone x3  
  86  6:18  Drone  
  86  6:21  Queen  
  86  6:25  Drone x2  
  87  6:28  Drone x3  
  87  6:29  Extractor  
  87  6:30  Overlord  
  89  6:34  Overlord  
  89  6:37  Overlord  
  83  6:40  Drone x3  
  83  6:42  Drone  
  83  6:44  Spore Crawler  
  81  6:47  Drone  
  81  6:51  Queen  
  81  6:53  Spore Crawler  
  81  6:54  Drone  
  81  6:55  Drone  
  79  7:03  Drone x6  
  79  7:06  Glial Reconstitution  
  85  7:12  Drone x5  
  85  7:15  Extractor  
  89  7:18  Evolution Chamber  
  89  7:21  Drone x2  
  88  7:28  Spore Crawler  
  88  7:29  Hydralisk Den  
  86  7:31  Drone x8  
  86  7:34  Extractor x2  
  92  7:37  Overlord  
  92  7:41  Overlord  
  92  7:42  Queen  
  86  7:46  Spore Crawler  
  86  7:47  Spore Crawler  
  78  7:52  Drone x5  
  78  7:56  Overlord  
  83  8:00  Muscular Augments  
  83  8:05  Hydralisk  
  83  8:06  Hydralisk x3  
  83  8:12  Hydralisk x2  
  88  8:18  Hydralisk x3  
  94  8:21  Queen  
  94  8:26  Overlord x2  
  94  8:27  Overlord  
  96  8:38  Overlord x2  
  96  8:40  Zerg Missile Weapons Level 1  
  96  8:43  Overlord  
  96  8:44  Hatchery  
  96  8:47  Hydralisk x2  
  99  8:50  Drone x2  
  99  8:52  Drone x2  
  99  8:53  Drone  
  98  8:57  Drone x3  
  98  8:59  Drone  
  96  9:04  Hydralisk x2  
  100  9:11  Hydralisk x3  
  100  9:15  Hydralisk x2  
  110  9:18  Hydralisk  
  110  9:19  Hydralisk  
  110  9:21  Hydralisk  
  116  9:25  Hydralisk x2  
  116  9:29  Spire  
  119  9:33  Overlord  
  119  9:39  Hatchery  
  119  9:40  Grooved Spines  
  119  9:44  Queen  
  120  9:46  Drone  
  120  9:47  Drone x5  
  120  9:49  Hydralisk  
  120  9:52  Hydralisk  
  128  9:54  Overseer  
  128  9:55  Overlord  
  128  9:58  Overlord  
  128  10:01  Overlord  
  128  10:05  Overlord  
  128  10:14  Overlord  
  126  10:33  Baneling Nest  
  125  10:38  Overlord  
  125  10:41  Corruptor  
  125  10:42  Corruptor x7  
  138  10:45  Drone x4  
  142  10:52  Hydralisk x3  
  143  10:58  Hydralisk x2  
  145  11:06  Hydralisk x3  
  151  11:12  Drone x4  
  151  11:16  Hydralisk x2  
  155  11:26  Zergling x8  
Show
View Real Time Build Order
Export as new Build Order

GunGFuBanDa Protoss - Winner!

Build Orders: 1 Gate Expand, Mass Phoenix 

Get SALT Encoding   

  12  0:00  Probe  
  13  0:12  Probe  
  14  0:17  Pylon  
  14  0:24  Probe  
  15  0:32  Probe  
  15  0:37  Gateway  
  15  0:40  Probe  
  16  0:46  Assimilator  
  17  0:51  Probe  
  18  1:03  Probe  
  19  1:15  Probe  
  20  1:23  Nexus  
  20  1:33  Cybernetics Core  
  20  1:36  Probe  
  21  1:42  Assimilator  
  21  1:48  Probe  
  21  1:50  Pylon  
  22  1:59  Probe  
  22  2:00  Adept  
  23  2:08  Probe  
  26  2:16  Probe  
  26  2:19  Warp Gate  
  26  2:21  Stalker  
  27  2:26  Probe  
  28  2:35  Probe  
  31  2:37  Gateway  
  31  2:40  Probe  
  32  2:47  Probe  
  32  2:50  Gateway  
  33  2:54  Probe  
  33  2:57  Adept  
  36  3:01  Probe  
  37  3:06  Probe  
  38  3:13  Probe, Pylon  
  38  3:18  Probe  
  40  3:24  Probe  
  41  3:30  Probe  
  41  3:32  Probe, Stargate  
  41  3:33  Stargate  
  42  3:40  Probe  
  43  3:42  Probe  
  43  3:45  Assimilator  
  45  3:52  Probe  
  45  3:54  Probe, Pylon  
  47  4:04  Probe  
  47  4:06  Probe  
  47  4:09  Adept  
  51  4:10  Adept  
  51  4:12  Adept  
  51  4:13  Phoenix x2  
  51  4:16  Probe  
  51  4:17  Assimilator  
  56  4:19  Pylon, Probe  
  61  4:26  Pylon  
  61  4:32  Phoenix x2  
  65  4:44  Adept x2  
  69  4:48  Adept  
  72  4:54  Probe, Pylon  
  72  4:57  Phoenix x2  
  74  5:04  Pylon  
  76  5:11  Probe  
  76  5:12  Probe  
  78  5:20  Adept x2  
  82  5:22  Adept, Phoenix  
  86  5:30  Probe  
  86  5:33  Phoenix  
  86  5:34  Probe  
  87  5:40  Protoss Air Weapons Level 1  
  87  5:46  Zealot  
  87  5:47  Zealot x2  
  83  5:52  Probe  
  83  5:55  Probe  
  78  6:00  Probe  
  78  6:03  Phoenix  
  79  6:07  Probe  
  79  6:09  Probe  
  78  6:16  Sentry, Stalker x2  
  85  6:19  Shield Battery, Probe  
  85  6:20  Phoenix  
  85  6:21  Pylon  
  88  6:39  Probe  
  88  6:48  Zealot  
  88  6:52  Nexus  
  88  6:53  Pylon  
  90  6:55  Robotics Facility  
  90  6:56  Robotics Facility  
  90  6:59  Probe  
  91  7:04  Sentry, Zealot  
  91  7:06  Probe  
  96  7:09  Pylon  
  96  7:11  Probe  
  97  7:18  Probe  
  97  7:20  Shield Battery  
  98  7:23  Probe  
  99  7:30  Zealot, Stalker x2, Probe  
  99  7:31  Immortal  
  99  7:32  Immortal  
  99  7:35  Probe  
  107  7:42  Probe  
  116  7:48  Probe  
  117  7:54  Probe  
  117  7:57  Pylon  
  116  8:00  Probe  
  116  8:01  Twilight Council  
  116  8:02  Immortal  
  116  8:03  Immortal, Forge  
  117  8:06  Probe  
  117  8:12  Probe  
  127  8:16  Protoss Ground Weapons Level 1  
  130  8:33  Gateway  
  127  8:35  Gateway  
  127  8:37  Gateway, Immortal  
  127  8:38  Charge  
  127  8:39  Immortal  
  131  8:44  Assimilator  
  131  8:45  Assimilator  
  135  8:55  Photon Cannon  
  135  9:00  Templar Archives  
  135  9:01  Photon Cannon  
  135  9:12  Observer  
  135  9:14  Photon Cannon  
  136  9:18  Nexus  
  136  9:20  Pylon  
  137  9:28  Immortal  
  137  9:31  Immortal  
  138  9:36  Photon Cannon  
  138  9:38  Shield Battery  
  142  9:41  Pylon  
  142  9:43  Probe  
  142  9:44  Shield Battery  
  143  9:47  Psionic Storm, Pylon  
  143  9:53  Gateway  
  143  9:55  Gateway  
  143  9:57  Gateway  
  143  10:03  Zealot x4  
  151  10:07  High Templar x2  
  159  10:14  Immortal x2  
  163  10:30  High Templar  
  159  10:45  High Templar  
  159  10:47  Probe  
  159  10:49  Probe  
  159  10:53  Immortal  
  159  10:54  Immortal  
  167  11:01  High Templar  
  167  11:03  Zealot x5  
  179  11:10  Dark Shrine  
  179  11:25  Zealot  
  179  11:29  Assimilator, Probe  
  179  11:30  Pylon  
  180  11:34  Assimilator  
Tags
 
Add a new tag
Caveats
  • Supply blocks, unpowered buildings, or Contaminate may cause inaccurate times.
  • Supply counts are checked every 10 seconds.